[Event "*** MasterClass Titled Tuesday Blitz"]
[Site "Chess.com"]
[Date "2017.09.05"]
[Round "6"]
[White "Tarlev_Konstantin"]
[Black "popov_m"]
[Result "0-1"]
[WhiteElo "2583"]
[BlackElo "2450"]
[TimeControl "180+2"]
[EndTime "14:28:32 PDT"]
[Termination "popov_m won by resignation"]

1. d4 Nf6 2. Nf3 g6 3. g3 Bg7 4.
Bg2 O-O 5. O-O d6 6. c4 c5 7. Nc3 Nc6 8. d5 Na5 9. Nd2 a6 10. Qc2 Rb8 11. b3 b5 12. Bb2 e5 13. Rab1 Nh5 14. e4 f5 15. exf5 gxf5 16. Ne2 f4 17. f3 fxg3 18. hxg3 Bh6 19. f4 exf4 20. Nxf4 Nxf4 21.
gxf4 Bf5 22. Qc3 bxc4 23. Ne4 Rb7 24. Qh8+ Kf7 25. Ng5+ Bxg5 26. Qg7+ Ke8 27. Rbe1+ Be7 28. Bf3 Kd7 29. Kh2 Kc8 30. Qg1 cxb3 31. Bc3 Bf6 32. Bd2 Bd4 33. Qg5 Qxg5 34. fxg5 b2 35. Be4 Nc4 36.
Rxf5 Re8 37. Rff1 Rxe4 38. Rxe4 Nxd2 39. Re8+ Kc7 40. Rf7+ Kb6 0-1

[Event "*** MasterClass Titled Tuesday Blitz"]
[Site "Chess.com"]
[Date "2017.09.05"]
[Round "6"]
[White "HanSchut"]
[Black "champ2005"]
[Result "1-0"]
[WhiteElo "2335"]
[BlackElo "2480"]
[TimeControl "180+2"]
[EndTime "14:28:41 PDT"]
[Termination "HanSchut won by resignation"]

1. e4 c6 2. d4 d5 3. Nc3 dxe4 4. Nxe4 Bf5 5. Ng3 Bg6 6. h4 h6 7. Nf3 Nd7 8. h5 Bh7 9. Bd3 Bxd3 10. Qxd3 e6 11. Bd2 Ngf6 12. O-O-O Be7 13. Kb1 O-O 14.
Ne4 Nxe4 15. Qxe4 Nf6 16. Qe2 Qd5 17. Ne5 Qe4 18. Be3 Nd5 19. Rd3 Nxe3 20. Rxe3 Qxd4 21. Rd1 Qa4 22. Rd7 Bg5 23. Re4 Qb5 24. c4 Qb6 25. f4 Bf6 26. Ng4 Bh4 27. Nxh6+ gxh6 28. Qg4+ Kh8 29. Qxh4 Qg1+ 30. Re1 Qxg2 31. Qf6+ Qg7 32.
Rxe6 Qxf6 33. Rxf6 b6 34. Rxh6+ Kg7 35. Rg6+ Kh7 36. Rxc6 Kg7 37. h6+ Kh7 38. Rf6 Rae8 39. Rdxf7+ Rxf7 40. Rxf7+ Kxh6 41. Rc7 Re4 42. b3 Rxf4 43.
Rxa7 Rf6 44. Ra6 Kg5 45. Kb2 Kf5 46. Kc3 Ke5 47. Kb4 Kd4 48. a4 Kd3 49. Ra8 Kc2 50.
Rh8 Rf3 51. Rh2+ Kd3 52. Rg2 Rh3 53. Kb5 Kd4 54. Rg4+ Ke5 55. b4 Kd6 1-0

[Event "*** MasterClass Titled Tuesday Blitz"]
[Site "Chess.com"]
[Date "2017.09.05"]
[Round "6"]
[White "iusegine"]
[Black "kikydu96"]
[Result "0-1"]
[WhiteElo "2385"]
[BlackElo "2324"]
[TimeControl "180+2"]
[EndTime "14:28:42 PDT"]
[Termination "kikydu96 won by resignation"]

1. Nf3 d5 2. d4 Nf6 3. c4 c6 4. e3 Bf5 5. Nc3 a6 6. Nh4 Bc8 7. Bd3 e6 8. Nf3 Nbd7 9. O-O Bd6 10. e4 dxe4 11. Nxe4 Nxe4 12. Bxe4 Nf6 13. Bc2 h6 14. Qe2 O-O 15. b3 b5 16. Ne5 Bb7 17. c5 Bc7 18.
Rd1 Qd5 19. Rd3 a5 20. Rg3 Kh8 21. Bxh6 gxh6 22. Qe3 Ng8 23. Rh3 f5 24. Rxh6+ Nxh6 25. Qxh6+ Kg8 26. Qg6+ Kh8 27. Rd1 Bxe5 28. Rd3 Bg7 29.
Rh3+ Kg8 30. b4 Rf6 31. Qh7+ Kf8 32. Rg3 Rf7 33. h4 Qxd4 34. Bb3 Qa1+ 35. Kh2 Qe5 36. h5 Ke7 37. h6 Bxh6 38. Qg6 Rh8 39. Bxe6 Bf4+ 0-1

[Event "*** MasterClass Titled Tuesday Blitz"]
[Site "Chess.com"]
[Date "2017.09.05"]
[Round "6"]
[White "XDPS"]
[Black "ViIIagra"]
[Result "1-0"]
[WhiteElo "2584"]
[BlackElo "2667"]
[TimeControl "180+2"]
[EndTime "14:28:48 PDT"]
[Termination "XDPS won by resignation"]

1. d4 Nf6 2. Bf4 g6 3. Nc3 Bg7 4. e4 d6 5. Qd2 c6 6. h4 Qa5 7. Bd3 e5 8. dxe5 dxe5 9. Bh6 Bxh6 10. Qxh6 Nbd7 11. Nf3 Qb6 12. Qd2 Qxb2 13. Rb1 Qa3 14. Bc4 Qe7 15. Ng5 Rf8 16. g3 Nb6 17. Bb3 h6 18. Nf3 Bg4 19. Nh2 h5 20. O-O Rd8 21.
Qe3 Rd7 22. a4 Kd8 23. a5 Nc8 24. Ba4 Rd4 25. f3 Be6 26. Rfd1 Rxd1+ 27. Rxd1+ Kc7 28. Rb1 Nd7 29. a6 Ncb6 30. axb7 Qc5 31. Nf1 Kxb7 32. Bb3 Bxb3 33. cxb3 Rd8 34. Rd1 Kc7 35. Ra1 Nc8 36. b4 Qxe3+ 37. Nxe3 Ndb6 38. Ra3 Kb7 39. b5 Rd3 40.
bxc6+ Kxc6 41. Ned5 Rxf3 42. Nb4+ Kb7 43. Kg2 Rf6 44.
Nd3 Nd7 45. Nd5 Rc6 46. Rb3+ Ncb6 47. Kf3 f6 48. Ne7 Rd6 49. Nxg6 a5 50. Ne7 a4 51.
Rc3 Rd4 52. Nf5 Rc4 53. Nd6+ 1-0

[Event "*** MasterClass Titled Tuesday Blitz"]
[Site "Chess.com"]
[Date "2017.09.05"]
[Round "6"]
[White "MatthewG-p4p"]
[Black "PrinceMurad09"]
[Result "1-0"]
[WhiteElo "2563"]
[BlackElo "2351"]
[TimeControl "180+2"]
[EndTime "14:28:50 PDT"]
[Termination "MatthewG-p4p won on time"]

1. c4 c5 2. Nc3 Nc6 3. g3 g6 4.
Bg2 Bg7 5. Nf3 Nf6 6. O-O d6 7. d3 Bd7 8. Rb1 O-O 9. a3 a5 10. Ne1 e6 11. Nc2 b6 12. b4 axb4 13. axb4 Rb8 14.
Nb5 Qe7 15. Bf4 Ne8 16. Qc1 Ne5 17. h3 Bxb5 18. cxb5 Nd7 19. bxc5 dxc5 20. Na3 Be5 21. Bg5 Bf6 22. Bd2 Nd6 23. Nc4 Nxc4 24. Qxc4 Qd6 25.
Qc2 Rfc8 26. Rfc1 Bd4 27. e3 Bg7 28. Be1 Rd8 29. Rb3 Ne5 30. Bf1 Nf3+ 31. Kh1 Nxe1 32. Rxe1 Ra8 33. Rd1 Ra5 34. Bg2 Bf6 35. Qc4 Rd7 36.
d4 cxd4 37. exd4 Bxd4 38. Bc6 Rd8 39. Rbd3 e5 40. f4 Qc5 41. Qxc5 bxc5 42. fxe5 Rb8 43.
Re1 Kg7 44. e6 fxe6 45. Rxe6 Ra1+ 46. Kg2 Rf8 47. Rd2 Rb1 48. h4 Rff1 49. Re7+ Kg8 50. Ra2 Rf8 51. Raa7 Rb2+ 52. Kh3 Rf6 53. Ra8+ 1-0

[Event "*** MasterClass Titled Tuesday Blitz"]
[Site "Chess.com"]
[Date "2017.09.05"]
[Round "6"]
[White "BIG_Pirate"]
[Black "manubibi"]
[Result "0-1"]
[WhiteElo "2316"]
[BlackElo "2427"]
[TimeControl "180+2"]
[EndTime "14:28:51 PDT"]
[Termination "manubibi won by resignation"]

1. Nf3 Nf6 2. c4 g6 3. Nc3 Bg7 4. g3 O-O 5. Bg2 d6 6. O-O Nc6 7. Rb1 Bf5 8. d3 a5 9. a3 e5 10.
b4 axb4 11. axb4 Qd7 12. Re1 Bh3 13. Bh1 h6 14. Nd5 Nxd5 15. cxd5 Ne7 16. Nd2 f5 17. Qc2 f4 18. Bb2 Nf5 19. Ne4 Nd4 20. Bxd4 exd4 21.
Rec1 Rf7 22. b5 fxg3 23. hxg3 Raf8 24. b6 cxb6 25. Rxb6 Be5 26. Bf3 Bg4 27. Rxb7 Qxb7 28. Bxg4 Qxd5 29. Qc6 Qxc6 30. Rxc6 Kg7 31. Be6 Re7 32. Bd5 g5 33. Kg2 Rf5 34. Bb3 Rf8 35.
Bd5 Rb8 36. Rc2 Rd8 37. g4 Rdd7 38. Nd2 Rc7 39. Nc4 Rc5 40. Bf3 d5 41. Na3 Rc3 42.
Rxc3 dxc3 43. Bxd5 Bd6 44. Nc4 Bf4 45. Na3 Rxe2 46.
Bb3 Rb2 47. Bc2 Bd6 0-1

[Event "*** MasterClass Titled Tuesday Blitz"]
[Site "Chess.com"]
[Date "2017.09.05"]
[Round "6"]
[White "krzyzan94"]
[Black "Vamostodorecto"]
[Result "1-0"]
[WhiteElo "2496"]
[BlackElo "2337"]
[TimeControl "180+2"]
[EndTime "14:29:06 PDT"]
[Termination "krzyzan94 won by resignation"]

1. d4 d5 2. Nc3 Nf6 3. Bg5 Nbd7 4. Qd3 e6 5. e4 dxe4 6. Nxe4 Be7 7. Nxf6+ Nxf6 8.
O-O-O c5 9. dxc5 Qxd3 10. Bxd3 Bxc5 11. Bxf6 gxf6 12. Rd2 Bd7 13. Nf3 Bc6 14. Re1 Rg8 15. Nh4 O-O-O 16. g3 f5 17. f4 Rd7 18. a3 Rgd8 19.
Rde2 Bd4 20. Rf1 Bf6 21. Nf3 Bxf3 22. Rxf3 h5 23. b4 Rc7 24. Kb1 Rc3 25. Ka2 Kc7 26.
Ref2 a5 27. bxa5 Rd5 28. Bf1 Rxf3 29. Rxf3 Rd2 30. h4 Rxc2+ 31. Kb3 Rb2+ 32. Ka4 Kc6 33. Bc4 Kc5 34. Bb3 Rg2 35. Rd3 Bd4 36. Bd1 Bf2 37. Bxh5 Bxg3 38. Bxf7 Rf2 39. Rxg3 Rxf4+ 40.
Kb3 Rxh4 41. Bxe6 f4 42. Rg5+ Kd4 43. Rf5 Ke3 44. Bd5 Rh7 45. Kb4 Rd7 46. Kb5 Rc7 47. Kb6 Rc3 48. Bxb7 Rxa3 49. a6 Rb3+ 50. Rb5 Ra3 51.
a7 f3 52. Bxf3 Rxa7 53. Kxa7 1-0

[Event "*** MasterClass Titled Tuesday Blitz"]
[Site "Chess.com"]
[Date "2017.09.05"]
[Round "6"]
[White "Sebastian"]
[Black "GMKrikor"]
[Result "1-0"]
[WhiteElo "2823"]
[BlackElo "2585"]
[TimeControl "180+2"]
[EndTime "14:29:12 PDT"]
[Termination "Sebastian won on time"]

1. e4 e5 2. Nf3 Nc6 3. Bb5 Nf6 4. d3 Bc5 5. Bxc6 dxc6 6. Nbd2 Bd6 7. Nc4 Qe7 8. O-O O-O 9. b3 Nd7 10. Bg5 f6 11.
Bd2 Nc5 12. Ne3 g6 13. Kh1 Ne6 14. Ng1 Bd7 15. Ne2 Rae8 16. Nc4 c5 17. a4 Nd4 18. Nxd4 cxd4 19. f4 Be6 20. f5 gxf5 21. exf5 Bd5 22. Bh6 Rf7 23. Nd2 Kh8 24. Ne4 Bxe4 25.
dxe4 Rg8 26. Qh5 Qd7 27. Rf3 Bf8 28. Bd2 Rfg7 29. Rf2 Rg4 30. Re1 Qc6 31. Qf7 Rxe4 32. Rxe4 Qxe4 33. Qxf6+ Bg7 34. Qe7 Qxc2 35. h3 Qe4 36. Kh2 c5 37. Bg5 h6 38. Bh4 Qd5 39.
f6 Bf8 40. Qe8 e4 41. f7 Bd6+ 42. Kh1 Rf8 43. Be7 Bxe7 44. Qxe7 Kg7 45. Qf6+ Kh7 46. Rf5 Qc6 47. Qe7 Kg7 48. Rf4 h5 49. Rf5 1-0

[Event "*** MasterClass Titled Tuesday Blitz"]
[Site "Chess.com"]
[Date "2017.09.05"]
[Round "6"]
[White "nihalsarin"]
[Black "Bengalas"]
[Result "1-0"]
[WhiteElo "2645"]
[BlackElo "2492"]
[TimeControl "180+2"]
[EndTime "14:29:16 PDT"]
[Termination "nihalsarin won by resignation"]

1. e4 c5 2. Nf3 d6 3. d4 cxd4 4. Nxd4 Nf6 5. Nc3 a6 6. Be2 e5 7. Nf3 h6 8. Bc4 Be7 9. Nh4 Be6 10. Bxe6 fxe6 11. Ng6 Rg8 12. h4 Nbd7 13. Be3 Nf8 14. Nxe7 Kxe7 15. Qf3 Rc8 16. Rd1 N8d7 17. O-O g5 18. hxg5 hxg5 19. g3 g4 20. Qe2 Qe8 21.
Kg2 Qg6 22. Qd3 Rc6 23. Rh1 Qg7 24. a4 Rh8 25. b4 Rxh1 26. Rxh1 Qg6 27. Rh6 Qg7 28.
a5 Ng8 29. Rh5 Ndf6 30. Rh4 Qg6 31. Bd2 Kd7 32. Na4 Qxe4+ 33. Qxe4 Nxe4 34. Nb6+ Ke7 35. Rxg4 Ngf6 36. Rg7+ Kf8 37. Bh6 Ke8 38. c4 d5 39.
c5 d4 40. Rxb7 d3 41. Kf1 Nd5 42. Nxd5 exd5 43. Rb6 Kd7 44. g4 d4 45. f3 Nc3 46.
Ke1 e4 47. fxe4 Nxe4 48. g5 d2+ 49. Kd1 d3 50. Rxc6 Kxc6 51. g6 Kb5 52. g7 Kxb4 53.
g8=Q 1-0

[Event "*** MasterClass Titled Tuesday Blitz"]
[Site "Chess.com"]
[Date "2017.09.05"]
[Round "6"]
[White "temiksmozg"]
[Black "VladDobrov"]
[Result "1-0"]
[WhiteElo "2430"]
[BlackElo "2608"]
[TimeControl "180+2"]
[EndTime "14:29:18 PDT"]
[Termination "temiksmozg won by resignation"]

1. d4 Nf6 2. c4 e6 3. Nf3 c5 4. d5 exd5 5. cxd5 Bd6 6. Nc3 Bc7 7. d6 Ba5 8. Bg5 Qb6 9. Bxf6 Qxb2 10. Bxg7 Bxc3+ 11. Bxc3 Qxc3+ 12. Nd2 Nc6 13. Rc1 Qd4 14. Qb3 b6 15. Nc4 Bb7 16. e3 Qg7 17. f3 O-O 18.
Kf2 Rae8 19. a4 Ne5 20. a5 Bd5 21. axb6 axb6 22. e4 Ng4+ 23. fxg4 Rxe4 24. Qc3 Qg5 25. Nxb6 Bc6 26. Be2 Rxe2+ 27. Kxe2 Re8+ 28. Kf2 Qf4+ 29. Kg1 Re3 30. Qd2 Qxg4 31. h3 Qg3 32. Qf2 Qg5 33. Rf1 Rf3 34. Qe2 Rxf1+ 35. Qxf1 c4 36. Nc8 Kg7 37. Ne7 Be4 38. Qf2 c3 39. Kh2 f6 40. Re1 c2 41. Rxe4 c1=Q 42. Rg4 Qxg4 43. hxg4 Qg5 44. Nf5+ Kf7 45. Qf3 Qd2 46. Kh3 Kg6 47. Qe4 Kg5 48. Ng3 Qxd6 49. Qxh7 Kf4 50. Qe4+ Kg5 51. Qf5+ Kh6 52. Qh5+ Kg7 53. Nf5+ 1-0

[Event "*** MasterClass Titled Tuesday Blitz"]
[Site "Chess.com"]
[Date "2017.09.05"]
[Round "6"]
[White "Jahonas"]
[Black "workhard91"]
[Result "1-0"]
[WhiteElo "2221"]
[BlackElo "2295"]
[TimeControl "180+2"]
[EndTime "14:29:21 PDT"]
[Termination "Jahonas won by checkmate"]

1. d4 Nf6 2. c4 e6 3. Nf3 Bb4+ 4.
Bd2 c5 5. g3 O-O 6. Bg2 Qb6 7.
O-O cxd4 8. Nxd4 Be7 9. Nb5 d5 10. Be3 Bc5 11. Bxc5 Qxc5 12. N5a3 dxc4 13. Qc2 e5 14.
Qxc4 Na6 15. Nc3 Rb8 16. Ncb5 Qb6 17. Rfd1 Be6 18. Qc3 Rfe8 19. Rd6 Qc5 20. Rc1 Qxc3 21.
bxc3 Bxa2 22. Nxa7 Nc5 23. N3b5 Red8 24. Rcd1 Rxd6 25.
Rxd6 Nce4 26. Rb6 Bc4 27. Nc6 Ra8 28. Bxe4 Nxe4 29. Rxb7 Bxe2 30. Nxe5 f6 31. Nd4 Ra1+ 32. Kg2 Bf1+ 33. Kf3 Ng5+ 34. Kg4 fxe5 35. Kxg5 exd4 36. cxd4 Rd1 37. Rb8+ Kf7 38. Rb7+ Kf8 39. Rb8+ Kf7 40. Rb7+ Ke6 41. Rxg7 Bd3 42. f4 Rf1 43. g4 Kd5 44.
f5 Kxd4 45. Rxh7 Ke5 46. Re7+ Kd6 47. Re6+ Kd7 48. h4 Bc4 49. Re4 Bf7 50. Kf6 Bd5 51. Rd4 Kd6 52. g5 Kc5 53. Rd2 Rf4 54. Ke5 Rxh4 55.
Rxd5+ Kc6 56. Rd6+ Kc7 57. Rd1 Rg4 58. Kf6 Kc6 59.
g6 Kc7 60. Kf7 Rf4 61. f6 Re4 62. g7 Rg4 63. g8=Q Re4 64. Qd8+ Kc6 65. Qd5+ Kc7 66.
Qxe4 Kb6 67. Qc2 Ka5 68. Rd3 Kb4 69. Rb3+ Ka5 70. Qa2# 1-0

[Event "*** MasterClass Titled Tuesday Blitz"]
[Site "Chess.com"]
[Date "2017.09.05"]
[Round "6"]
[White "DiogenesSinopeus"]
[Black "PowerThinking2650"]
[Result "0-1"]
[WhiteElo "2363"]
[BlackElo "2218"]
[TimeControl "180+2"]
[EndTime "14:29:23 PDT"]
[Termination "PowerThinking2650 won by resignation"]

1. d4 Nf6 2. c4 g6 3. Nc3 Bg7 4. e4 d6 5. Nf3 O-O 6. Be2 e5 7. dxe5 dxe5 8. Qxd8 Rxd8 9. Nd5 Nxd5 10. cxd5 c6 11. Bc4 cxd5 12. Bxd5 Nd7 13. Bg5 Re8 14. Nd2 h6 15. Be3 Nf6 16. Bb3 Be6 17. f3 Bxb3 18.
axb3 Rec8 19. Ke2 a6 20. Nc4 Nd7 21. Rhd1 Rc7 22. Rxd7 Rxd7 23. Nb6 Rad8 24. Nxd7 Rxd7 25. Rd1 Rxd1 26. Kxd1 f5 27. Kc2 Kf7 28. Kd3 b5 29. Bc5 Ke6 30. Kc3 Kd7 31. h3 Kc6 32. Be7 h5 33. Kb4 Bh6 34. Kc3 Be3 35. Kc2 Bc5 36.
Bh4 Kd7 37. Bg3 Ke6 38. Be1 Be3 39. Bc3 Kf6 40. Kd3 Bf4 41. Ke2 Ke6 42. Kd3 Kd6 43. Bb4+ Kc6 44. Bc3 Kc5 45. Be1 Bc1 46. Bc3 Kd6 47. Kc2 Bg5 48. Bb4+ Ke6 49. Kd3 Bd8 50. Be1 Bb6 51. Bc3 a5 52. Bd2 Kf6 53. Bc3 b4 54. Bd2 Bd4 55. Bc1 f4 56. Kc4 Kg5 57. Bd2 Bxb2 58. Kb5 Bc3 59. Bc1 Kh4 60. Kxa5 Kg3 61.
Kb5 Kxg2 62. Kc4 Kxh3 0-1

[Event "*** MasterClass Titled Tuesday Blitz"]
[Site "Chess.com"]
[Date "2017.09.05"]
[Round "6"]
[White "pawnwonder"]
[Black "Carolina-moon"]
[Result "1-0"]
[WhiteElo "1998"]
[BlackElo "2122"]
[TimeControl "180+2"]
[EndTime "14:29:29 PDT"]
[Termination "pawnwonder won by resignation"]

1. e4 c5 2. Nf3 d6 3. c3 Nf6 4. Be2 Nbd7 5. Qc2 g6 6. O-O Bg7 7. d4 O-O 8. Rd1 cxd4 9. cxd4 d5 10. e5 Ne4 11. Nc3 Nxc3 12. bxc3 Nb6 13. Be3 Bf5 14. Qd2 Rc8 15. Bh6 Nc4 16. Bxc4 Rxc4 17. Bxg7 Kxg7 18.
h3 Qd7 19. Nh4 Bxh3 20. gxh3 Qxh3 21. Ng2 Rxc3 22. Rdc1 Rfc8 23. Rxc3 Rxc3 24. Rc1 Rd3 25. Qb4 e6 26. Qe7 Rf3 27. Rc8 Kh6 28. Rh8 Rc3 29.
Qf8+ Kg5 30. Qd8+ Kg4 31. Ne3+ Rxe3 32. fxe3 Kf3 33. Qf6+ Kxe3 34. Qf2+ Ke4 35. Rc8 g5 36. Qg2+ Qxg2+ 37. Kxg2 Kxd4 38. Rc7 Kxe5 39. Rxf7 d4 40. Rxh7 d3 41. Kf2 Ke4 42. Ke1 e5 43. Rxb7 Ke3 44.
Rg7 e4 45. Rxg5 Kd4 46. Rg4 a5 47. Kd2 a4 48. a3 Kc4 49. Rxe4+ Kb3 50. Kxd3 Kxa3 51.
Re2 Kb3 52. Rc2 a3 53. Rc8 a2 54. Rb8+ Ka3 55. Kc2 a1=Q 56. Ra8+ Kb4 57. Rxa1 1-0

[Event "*** MasterClass Titled Tuesday Blitz"]
[Site "Chess.com"]
[Date "2017.09.05"]
[Round "6"]
[White "Indianlad"]
[Black "Fianchettoed-Tower"]
[Result "0-1"]
[WhiteElo "2603"]
[BlackElo "2379"]
[TimeControl "180+2"]
[EndTime "14:29:36 PDT"]
[Termination "Fianchettoed-Tower won by resignation"]

1. Nf3 d5 2. e3 Nf6 3. c4 c6 4.
Nc3 e6 5. b3 Bd6 6. Bb2 O-O 7.
Qc2 Re8 8. g4 dxc4 9. bxc4 e5 10. g5 Nh5 11. Bd3 g6 12. Ne4 Bc7 13. Be2 Na6 14.
Nh4 Nb4 15. Qb3 c5 16. Bxh5 Nd3+ 17. Ke2 Nxb2 18. Nf6+ Kh8 19. Qxb2 gxh5 20. Nxe8 Qxe8 21. e4 Be6 22. d3 Rb8 23. a4 a6 24. a5 Qd7 25.
Ng2 Qe7 26. h4 Bd6 27. Ne3 Qd7 28. Nd5 Bxd5 29. cxd5 Qg4+ 30. Kd2 Qf3 31. Raf1 c4 32. dxc4 Qxe4 33. Qb6 Rc8 34. Rc1 Bc5 35. Qf6+ Kg8 36. Rh3 Bb4+ 37. Kd1 Qd4+ 38. Ke2 Qb2+ 39. Kf3 Qxc1 40.
Kg2 Qf4 41. Rg3 Qxf6 42. gxf6+ Kh8 43. Rb3 Rxc4 44. d6 Bxd6 45. Rxb7 Kg8 46. Rb6 Bf8 47. Rxa6 Rxh4 48. Ra8 Rg4+ 49. Kh3 Ra4 50. a6 h6 51. a7 Ra6 52. Kh4 e4 53. Kxh5 Ra2 54. Kg4 Ra4 55.
Kf4 h5 56. Kg5 h4 57. Kf4 e3+ 58. Kxe3 Ra3+ 59. Kf4 h3 60. Re8 Rxa7 61. Kg3 Ra3+ 62. f3 h2 63. Re1 Ra2 64. f4 Kh7 65. f5 Kh6 66. Kh4 Bc5 67. Rh1 Bg1 68. Kg4 Ra4+ 69. Kh3 Kg5 0-1

[Event "*** MasterClass Titled Tuesday Blitz"]
[Site "Chess.com"]
[Date "2017.09.05"]
[Round "6"]
[White "GrigorGrigorov"]
[Black "TigranLPetrosyan"]
[Result "1-0"]
[WhiteElo "2608"]
[BlackElo "2716"]
[TimeControl "180+2"]
[EndTime "14:29:37 PDT"]
[Termination "GrigorGrigorov won by resignation"]

1. d4 g6 2. c4 Bg7 3. Nf3 d6 4. g3 f5 5. Bg2 Nf6 6. O-O O-O 7.
Nc3 c6 8. b3 Qe8 9. Ba3 h6 10.
Qd3 Kh8 11. e4 f4 12. e5 Bf5 13. Qd2 dxe5 14. Nxe5 g5 15. Rfe1 Kh7 16. d5 cxd5 17.
Nxd5 Nxd5 18. Bxd5 Nc6 19. Bb2 Rd8 20. Qe2 e6 21.
Bf3 Nd4 22. Bxd4 Rxd4 23. Bxb7 fxg3 24. hxg3 g4 25. Bg2 Qh5 26. Rad1 Rfd8 27. Rxd4 Rxd4 28. c5 Qg5 29. Qe3 Qxe3 30. Rxe3 Rd1+ 31. Kh2 Rd2 32. c6 Rc2 33. Nc4 Bd4 34. c7 e5 35. Be4 Bxe4 36.
c8=Q Rxf2+ 37. Kg1 Rf7 38. Qxg4 Bd5 39. Qe2 Rf3 40. Kh2 Rf5 41. Nxe5 Bxe3 42. Qxe3 Rh5+ 43. Kg1 Rh1+ 44. Kf2 Rh2+ 45. Ke1 Kg7 46. Qxa7+ Kg8 47.
Qb8+ Kg7 48. Qc7+ Kh8 49. Qd8+ Bg8 50. Qe7 Bh7 51. Qf8+ Bg8 52. Qf6+ Kh7 53. Qg6+ Kh8 54.
Nf7+ Bxf7 55. Qxf7 Rxa2 56. b4 Ra3 57. Qc7 1-0

[Event "*** MasterClass Titled Tuesday Blitz"]
[Site "Chess.com"]
[Date "2017.09.05"]
[Round "6"]
[White "Fandorine"]
[Black "Witik"]
[Result "0-1"]
[WhiteElo "2661"]
[BlackElo "2541"]
[TimeControl "180+2"]
[EndTime "14:29:38 PDT"]
[Termination "Witik won by resignation"]

1. Nf3 Nf6 2. g3 d5 3. Bg2 c6 4. O-O Bg4 5. d4 Nbd7 6. Nbd2 e6 7. Re1 Be7 8. e4 O-O 9. c3 a5 10. a4 Bh5 11. h3 Bg6 12. exd5 cxd5 13. Qb3 Ne4 14.
Qxb7 Nd6 15. Qb3 Qc7 16. Qd1 Rab8 17. Ne5 Nxe5 18. dxe5 Nf5 19. Nf3 Qa7 20. g4 Nh4 21. Nxh4 Bxh4 22. Be3 Qe7 23. Qd2 f5 24. exf6 Qxf6 25.
Bd4 Qf7 26. Re2 h5 27. Rae1 Rbe8 28. Be5 hxg4 29. hxg4 Rc8 30. Bd4 Rc6 31. Qe3 Rb8 32. Rf1 Rf8 33. f4 Bd8 34. Qg3 Bc7 35. Be5 Bb6+ 36. Kh1 Qd7 37. Qh3 Bc5 38. Rd2 Bd6 39. Bxd6 Rxd6 40. Rdf2 d4 41. f5 exf5 42. gxf5 Bf7 43.
Qg3 d3 44. f6 Bb3 45. Bh3 Qc6+ 46. Kh2 Rfxf6 47. Rxf6 Rxf6 48. Qb8+ Kh7 49. Bf5+ Rxf5 50.
Rxf5 d2 51. Qd8 d1=Q 0-1

[Event "*** MasterClass Titled Tuesday Blitz"]
[Site "Chess.com"]
[Date "2017.09.05"]
[Round "6"]
[White "SavelijTartakover"]
[Black "andreimacovei2000"]
[Result "1/2-1/2"]
[WhiteElo "2555"]
[BlackElo "2422"]
[TimeControl "180+2"]
[EndTime "14:29:47 PDT"]
[Termination "Game drawn by repetition"]

1. d4 Nf6 2. Bg5 d5 3. e3 c5 4. c3 Nc6 5. Nd2 Qb6 6. Qb3 c4 7. Qc2 g6 8. e4 Nxe4 9. Nxe4 dxe4 10. Bxc4 Bg7 11. Ne2 O-O 12. O-O e5 13. d5 Na5 14.
Bb3 Nxb3 15. axb3 Bd7 16. c4 f5 17. Nc3 a6 18. Be7 Rf7 19. d6 e3 20. Nd5 exf2+ 21. Rxf2 Qc6 22. Rd1 h6 23. h4 e4 24. Qe2 b5 25.
Nf4 bxc4 26. bxc4 Rb8 27. Rd2 Rb3 28. Rf1 Kh7 29. Nd5 Qc5+ 30. Kh1 e3 31. Rc2 Be5 32. Nf4 Qd4 33. g3 Bxd6 34. Bxd6 Qxd6 35. Kh2 Bc6 36.
Rd1 Qe5 37. Rd8 Be4 38. Rc3 Bf3 39. Qxf3 Rxb2+ 40. Kh3 Qxc3 41. Qa8 g5 42. hxg5 hxg5 43. Ng2 g4+ 44. Kh2 Kg6 45. Rg8+ Rg7 46. Qe8+ Kh6 47.
Rh8+ Rh7 48. Qe6+ Kg5+ 49. Rxh7 Rxg2+ 50. Kxg2 Qd2+ 51. Kh1 Qe1+ 52. Kh2 Qf2+ 53. Kh1 Qf1+ 54.
Kh2 Qf2+ 55. Kh1 Qf3+ 56. Kh2 Qf2+ 57. Kh1 1/2-1/2

[Event "*** MasterClass Titled Tuesday Blitz"]
[Site "Chess.com"]
[Date "2017.09.05"]
[Round "6"]
[White "Aariow"]
[Black "tomsishere"]
[Result "1-0"]
[WhiteElo "2372"]
[BlackElo "2287"]
[TimeControl "180+2"]
[EndTime "14:29:49 PDT"]
[Termination "Aariow won by checkmate"]

1. Nf3 c5 2. b3 Nc6 3. Bb2 d6 4. d4 cxd4 5. Nxd4 Nf6 6. g3 g6 7. Bg2 Bd7 8. O-O Bg7 9. c4 O-O 10. Nc3 a6 11. Rc1 Rc8 12. Nd5 Nxd5 13. Bxd5 Qa5 14. Bc3 Qc5 15. Nxc6 Bxc6 16. Bxg7 Kxg7 17. Qd2 Rc7 18. Qb2+ Kg8 19. h4 a5 20. h5 Rfc8 21.
h6 e5 22. Rcd1 Qb6 23. Qc1 Bxd5 24. Rxd5 Rc6 25. Qg5 Qd8 26. Qxd8+ Rxd8 27. Rfd1 b6 28. Rxe5 Kf8 29. Red5 Ke7 30. e4 Ke6 31. f4 a4 32.
Kf2 axb3 33. axb3 Ra8 34. Kf3 Ra3 35. R1d3 f6 36. f5+ gxf5 37. exf5+ Ke7 38. R5d4 Ra2 39. Re4+ Kf7 40. Re6 Rb2 41. Rexd6 Rxd6 42. Rxd6 Rxb3+ 43. Kf4 Rb4 44. Rd7+ Kg8 45. Rg7+ Kh8 46. Rc7 Kg8 47. Ke3 b5 48. c5 Rc4 49. c6 b4 50. Rc8+ Kf7 51.
c7 b3 52. Rh8 b2 53. Rb8 Rxc7 54. Rxb2 Rc3+ 55. Kf4 Rc4+ 56. Kf3 Rc3+ 57. Kg4 Rc4+ 58. Kh3 Rc5 59. Rb7+ Kg8 60. Rg7+ Kf8 61. g4 Rc1 62.
Rxh7 Kg8 63. Rg7+ Kh8 64. Rg6 Rc6 65. Kg3 Kh7 66. Kf3 Rc3+ 67. Ke4 Rc4+ 68. Kd5 Ra4 69. Ke6 Ra6+ 70. Kf7 Ra4 71. Kxf6 Re4 72. Kg5 Re1 73.
Rg7+ Kh8 74. Ra7 Re5 75. Kg6 Re8 76. f6 Rg8+ 77. Rg7 Rf8 78. f7 Rd8 79. Rh7# 1-0

[Event "*** MasterClass Titled Tuesday Blitz"]
[Site "Chess.com"]
[Date "2017.09.05"]
[Round "6"]
[White "ChessQueen"]
[Black "Frolik67"]
[Result "1-0"]
[WhiteElo "2599"]
[BlackElo "2511"]
[TimeControl "180+2"]
[EndTime "14:29:51 PDT"]
[Termination "ChessQueen won by resignation"]

1. e4 e6 2. d4 d5 3. Nc3 Nf6 4. Bg5 Be7 5. e5 Nfd7 6. h4 h6 7. Bxe7 Qxe7 8. Qg4 Kf8 9. h5 c5 10. Nf3 cxd4 11. Qxd4 Nc6 12. Qf4 a6 13. a3 b5 14.
Bd3 Kg8 15. Rh3 b4 16. axb4 Qxb4 17. Qxb4 Nxb4 18. Kd2 Nxd3 19. Kxd3 f6 20. Re1 Kf7 21. Rh4 a5 22. Rf4 Ba6+ 23. Kd2 Rhb8 24. b3 Rb4 25. g3 Bb7 26. Na4 Rc8 27. Nb2 Ke7 28. Nd3 Rb6 29. Nd4 Ba6 30. exf6+ Nxf6 31. Nf5+ Kf7 32. Nh4 Kg8 33. Ra4 Ne4+ 34. Kd1 Nc3+ 35. Kd2 Nxa4 36. bxa4 Bxd3 37. Kxd3 Rc4 38. Ng6 Rxa4 39. f4 Ra3+ 40.
c3 Rc6 41. Ne7+ Kf7 42. Nxc6 Ra2 43. Ne5+ Kf6 44. g4 Rf2 45. Ke3 Rc2 46. Kd3 Rf2 47.
Ke3 Rc2 48. Kd4 Rf2 49. Nd3 Rg2 50. Nc5 Rxg4 51. Rxe6+ Kf5 52. Kxd5 Rg3 53. c4 Kxf4 54. Re5 Rc3 55. Ne6+ Kg4 56. Nd4 a4 57. Re7 Kxh5 58. Rxg7 a3 59. c5 a2 60. Ra7 Kg4 61. Rxa2 h5 62.
c6 h4 63. Ra4 Kh5 64. Ne6 h3 65.
Nf4+ Kg5 66. Nxh3+ Rxh3 67. c7 Rd3+ 68. Rd4 Rc3 69. Rc4 Rd3+ 70. Kc6 1-0

[Event "*** MasterClass Titled Tuesday Blitz"]
[Site "Chess.com"]
[Date "2017.09.05"]
[Round "6"]
[White "swayamsm"]
[Black "gkchesstiger"]
[Result "1/2-1/2"]
[WhiteElo "2526"]
[BlackElo "2645"]
[TimeControl "180+2"]
[EndTime "14:30:01 PDT"]
[Termination "Game drawn by repetition"]

1. d4 g6 2. c4 Bg7 3. Nc3 d6 4. e4 Nf6 5. Be2 c6 6. Bg5 a6 7. a4 a5 8. Qd2 Na6 9. Nf3 h6 10. Be3 Bg4 11. O-O Nd7 12. Ne1 Bxe2 13. Nxe2 Nb4 14.
Nd3 Nxd3 15. Qxd3 O-O 16. Qd2 Kh7 17. Ra3 h5 18. Rb3 Qc7 19. Bg5 Rae8 20. Rh3 Kg8 21.
Bh6 Nf6 22. Bxg7 Kxg7 23. Qe3 e5 24. d5 cxd5 25. cxd5 Rc8 26. Rc1 Qd7 27. Nc3 Rc5 28.
Rf3 Rfc8 29. h3 Qc7 30. Kh2 Qd8 31. Ra1 Rc4 32. Kg1 Rd4 33. Re1 Rcc4 34. Qg5 Rc8 35. Qe3 h4 36. Qg5 Nh5 37. Qxd8 Rxd8 38. Nb5 Rxa4 39.
Rc1 Rd7 40. Rc8 Nf4 41. Nc7 f5 42. exf5 gxf5 43. g3 Ne2+ 44. Kg2 Nd4 45. Ne6+ Kf6 46. Nxd4 Rxd4 47. Rf8+ Rf7 48. Rxf5+ Kxf5 49. Rxf7+ Kg5 50. Rxb7 Rxd5 51. Kf3 Rd3+ 52. Ke4 Rd2 53. Ke3 Rd4 54. f4+ Kf6 55. fxe5+ dxe5 56. Rb6+ Kf7 57. g4 a4 58. Rb5 Kf6 59. Rb6+ Kf7 60. Rb7+ Kf6 61. Rb6+ Kf7 1/2-1/2